cohdb
Replays
Latest Replays
All Replays
Popular Replays
Top Player Replays
Match Explorer
How It Works
Community
CoH3 Stats
Reddit
Sign in to upload your games and track your stats! →
Sign in with Steam
Match 41833513
Unlisted
Match 41833513
Overview
Messages
Build Orders
End
Construct Infanterie Kompanie
Selects Italian Coastal Battlegroup
Selects Coastal Reserves
Coastal Reserve
Coastal Reserve
GrW 34 Mortar Team
MG 42 Machine Gun Team
Construct Luftwaffe Kompanie
Coastal Reserve
Selects Support Bunkers
Medical Bunker
Support Elements
Selects Rapid Fortifications
Wirbelwind Flakpanzer
Rapid Fortifications
Anti-tank Bunker
Selects Call the Reserves!
MG 42 Bunker
ChaserofLight
MillenniumMirai
大英警察进小学
Nosigi
ChickenZandRice
正在孵化你的脑子
rush b
CPU - VERY EASY
0
0
Comments
sign in to comment!
No comments posted yet!